 Dungeon Crawl Stone Soup version 0.20-a0-267-g4a7ec2a (webtiles) character file.

68 Duffy the Grave Robber (level 4, -5/37 HPs)
             Began as a Formicid Necromancer on Dec 6, 2016.
             Slain by a gnoll
             ... wielding a +0 halberd
              (12 damage)
             ... on level 3 of the Dungeon.
             The game lasted 00:05:13 (3737 turns).

Duffy the Grave Robber (Formicid Necromancer)       Turns: 3737, Time: 00:05:14

Health: -5/37      AC:  5    Str: 13    XL:     4   Next: 41%
Magic:  2/7        EV: 12    Int: 14    God:
Gold:   55         SH:  0    Dex: 12    Spells: 6/7 levels left

rFire  . . .     SeeInvis +     g - -2 dagger (curse)
rCold  . . .     Gourm    .     a - +0 robe
rNeg   . . .     Faith    .     (no shield)
rPois  .         Spirit   .     (helmet unavailable)
rElec  .         Reflect  .     t - +2 cloak
rCorr  .         Harm     .     (no gloves)
MR     .....                    (no boots)
Stlth  ++........               (no amulet)
                                (no ring)
                                (no ring)

@: very slightly contaminated
A: permanent stasis, dig shafts and tunnels, four strong arms, antennae 3
a: Dig, Shaft Self


You were on level 3 of the Dungeon.
You were not hungry.

You visited 1 branch of the dungeon, and saw 3 of its levels.

You collected 55 gold pieces.

Inventory:

Hand Weapons
 f - a +0 flail
 g - a cursed -2 dagger (weapon)
 j - a +0 dagger
 l - a +0 whip
 m - a +1 short sword
Missiles
 s - 4 javelins of penetration (quivered)
Armour
 a - a +0 robe (worn)
 k - a +0 chain mail
 t - a +2 cloak (worn)
Potions
 d - a potion of heal wounds {unknown}
 i - a potion of mutation {unknown}
 o - a potion of lignification {unknown}
 p - a potion of magic {unknown}
 q - a potion of agility {unknown}
Books
 b - a book of Necromancy

   Spells                             Type                      Level
   a - Pain                           Necromancy                   1
   b - Animate Skeleton               Necromancy                   1
   c - Vampiric Draining              Necromancy                   3
   d - Regeneration                   Charms/Necromancy            3
   e - Animate Dead                   Necromancy                   4
   f - Control Undead                 Necromancy                   4
Comestibles
 c - 3 bread rations
 n - 2 meat rations
 r - a royal jelly
 u - 4 chunks of flesh


   Skills:
 + Level 4.0 Fighting
 - Level 1.7 Dodging
 - Level 2.4 Stealth
 - Level 2.1 Spellcasting
 - Level 4.0 Necromancy


You had 6 spell levels left.
You knew the following spells:

 Your Spells              Type           Power        Failure   Level  Hunger
a - Pain                  Necr           ##..         4%          1    #......


Dungeon Overview and Level Annotations

Branches:
Dungeon (3/15)

Altars:
Trog

Annotations:
D:3 exclusion: ogre


Innate Abilities, Weirdness & Mutations

You cannot be hasted, slowed, berserked, paralysed or teleported.
You can dig through walls and to a lower floor.
Your four strong arms can wield two-handed weapons with a shield.
You have a pair of large antennae on your head. (SInv)


Message History

Aiming: Pain
Press: ? - help, Shift-Dir - straight line, f - gnoll
Aim: a gnoll, wielding a halberd (chance to defeat MR: 76%)
The gnoll writhes in agony!
The gnoll hits you from afar with a halberd!
Cast which spell? (? or * to list)
Aiming: Pain
Press: ? - help, Shift-Dir - straight line, f/p - gnoll
Aim: a gnoll, wielding a halberd (moderately wounded, chance to defeat MR: 76%)
You miscast Pain.
You are very lightly contaminated with residual magic.
Nothing appears to happen.
The gnoll hits you from afar with a halberd!
Cast which spell? (? or * to list)
Aiming: Pain
Press: ? - help, Shift-Dir - straight line, f/p - gnoll
Aim: a gnoll, wielding a halberd (moderately wounded, chance to defeat MR: 76%)
The gnoll writhes in agony!
The gnoll hits you from afar with a halberd!
You die...

## #. #.
##################.
..................
#................. #@#
####...### #.# #.#.##
#######g###### # #..#
#............# #..##
#............# #....
#............# ###.#
#######.##############.#
..g....................(
#########.##.#########.#


You could see a gnoll.

Vanquished Creatures
  An ooze (D:3)
  5 leopard geckos
  An orc (D:2)
  3 ball pythons
  2 giant cockroaches
  10 hobgoblins
  3 jackals
  8 kobolds
  8 bats
  A frilled lizard (D:1)
  5 goblins
  4 rats
51 creatures vanquished.

Notes
Turn   | Place    | Note
-------+----------+-------------------------------------------
     0 | D:1      | Duffy the Formicid Necromancer began the quest for the Orb.
     0 | D:1      | Reached XP level 1. HP: 13/13 MP: 3/3
   188 | D:1      | Reached skill level 1 in Fighting
   605 | D:1      | Reached XP level 2. HP: 22/22 MP: 3/5
   717 | D:1      | Reached skill level 2 in Fighting
  1151 | D:1      | Reached XP level 3. HP: 13/28 MP: 1/6
  1718 | D:1      | Reached skill level 3 in Fighting
  2664 | D:2      | Found a bloodstained altar of Trog.
  3024 | D:2      | Reached XP level 4. HP: 34/35 MP: 4/7
  3688 | D:3      | Reached skill level 4 in Fighting
  3692 | D:3      | Noticed an ogre
  3737 | D:3      | Slain by a gnoll

Vault maps used:
D:1:      nagdon_arrival_zigzag_paths
D:2:      lightli_temple_of_fire
D:3:      minmay_box_of_dots

Skill      XL: |  1  2  3  4 |
---------------+-------------+-----
Fighting       | 1 2 3 4 |  4.0
Dodging        | |  1.7
Stealth        | |  2.4
Spellcasting   | |  2.1
Necromancy     | |  4.0

Action                   |  1- 3 |  4- 6 || total
-------------------------+-------+-------++-------
Melee: Dagger            |    21 |    12 ||    33
 Cast: Pain              |    92 |    29 ||   121
 Abil: Dig               |     7 |     3 ||    10
  Use: Scroll            |     4 |     1 ||     5
 Stab: Sleeping          |       |     3 ||     3
  Eat: Chunk             |     9 |     2 ||    11
       Beef jerky        |       |     1 ||     1
Armor: Robe              |    28 |     2 ||    30
Dodge: Dodged            |    66 |    17 ||    83
